Gangsters vs Atomiques
Created - 5 mars 2013 at 18:51
Goals
|
| Gangsters |
2 |
2 |
1 |
5 |
| Atomiques |
0 |
2 |
2 |
4 |
|
Shots
|
| Gangsters |
6 |
15 |
10 |
31 |
| Atomiques |
11 |
13 |
10 |
34 |
|
1st period
1. Gangsters , Igor Radulov 13 (Dave Steckel, Cory Murphy) at 7:26
2. Gangsters , Byron Ritchie 16 (Chris Bourque, Tim Jackman) at 18:58
Penalties :
Valtteri Filppula (Bro) for Slashing (Minor) at 1:35, Kyle Turris (STB) for Diving (Minor) at 8:30, James Van Riemsdyk (STB) for Cross-checking (Minor) at 18:59, Jaroslav Balastik (Bro) for Hooking (Minor) at 18:59
2nd period
3. Gangsters , Chris Bourque 9 (Byron Ritchie) at 5:36
4. Gangsters , Igor Radulov 14 (Dave Steckel, Tim Jackman) at 13:31
5. Atomiques , Boyd Gordon 24 (James Van Riemsdyk, T.J. Oshie) at 15:00
6. Atomiques , James Van Riemsdyk 13 (Boyd Gordon, Andy Greene) at 15:11
Penalties :
Denis Hamel (STB) for Hooking (Minor) at 6:05, Dave Steckel (Bro) for Roughing (Minor) at 10:48, Brett Sutter (STB) for Elbowing (Minor) at 17:46, Chris Bourque (Bro) for Roughing (Minor) at 17:46
3rd period
7. Atomiques , John Zeiler 27 (Andy Greene, James Van Riemsdyk) at 8:10 (PP)
8. Atomiques , Shawn Belle 3 (Drew Larman, Nick Johnson) at 9:55
9. Gangsters , Valtteri Filppula 8 (Jaroslav Balastik, Tim Jackman) at 13:08 (PP)
Penalties :
Dave Steckel (Bro) for Hooking (Minor) at 0:32, Nick Foligno (Bro) for Slashing (Minor) at 3:03, Chris Bourque (Bro) for Tripping (Minor) at 6:47, Brett Sutter (STB) for Boarding (Minor) at 12:22, Ville Koistinen (Bro) for Roughing (Minor) at 13:51
Goalie Stats
Steve Valiquette (Bro), 30 saves from 34 shots - (0,882), W, 18-12-3, 60:00 minutes
Mike Brodeur (STB), 12 saves from 13 shots - (0,923), L, 23-5-2, 25:35 minutes
Mark Dekanich (STB), 14 saves from 18 shots - (0,778), 33:31 minutes
Players Stats for Gangsters
Player Name G A P +/- PIM S H SB GA TA FO MP PP MP PK MP
------------------------------------------------------------------------------------
Artem Anisimov 0 0 0 0 0 0 0 0 0 0 0/3 7:39 0:00 0:16
Byron Ritchie 1 1 2 2 0 1 3 1 0 1 4/8 14:26 0:00 4:12
Chris Bourque 1 1 2 2 4 7 2 0 0 0 0/0 13:33 0:26 2:27
Cory Murphy 0 1 1 1 0 4 0 1 0 1 0/0 30:10 2:53 6:00
Dave Steckel 0 2 2 2 4 2 1 2 1 0 4/5 18:05 1:54 3:26
Igor Radulov 2 0 2 2 0 2 1 0 0 1 0/0 12:08 1:54 1:28
Jaroslav Balastik 0 1 1 -3 2 2 0 0 0 0 2/6 19:04 2:34 2:37
Jim Vandermeer 0 0 0 -1 0 0 1 2 0 0 0/0 8:23 0:02 0:00
Matt Read 0 0 0 2 0 1 0 0 0 0 0/0 9:36 0:17 0:00
Mike Commodore 0 0 0 1 0 0 0 1 0 0 0/0 21:36 1:49 5:43
Nick Foligno 0 0 0 0 2 0 0 0 0 0 0/0 8:22 0:00 0:00
Ryan Jones 0 0 0 0 0 2 4 1 0 0 0/2 11:55 0:00 4:10
Ryan Keller 0 0 0 2 0 1 0 0 0 0 0/0 10:35 1:54 0:00
Shaun Heska 0 0 0 -1 0 0 1 2 0 1 0/0 9:19 0:02 0:40
Staffan Kronwall 0 0 0 1 0 2 1 2 1 0 0/0 30:01 2:53 5:35
Tim Jackman 0 3 3 -3 0 0 2 2 2 0 1/1 15:10 2:33 0:00
Valtteri Filppula 1 0 1 -3 2 6 1 1 1 0 19/45 23:57 2:40 4:00
Ville Koistinen 0 0 0 1 2 1 1 0 1 1 0/0 20:37 1:49 4:38
Players Stats for Atomiques
Player Name G A P +/- PIM S H SB GA TA FO MP PP MP PK MP
------------------------------------------------------------------------------------
Adam Pardy 0 0 0 -2 0 1 1 2 1 0 0/0 20:59 4:10 1:49
Andy Greene 0 2 2 0 0 2 3 5 0 1 0/0 29:10 7:08 2:55
Boyd Gordon 1 1 2 0 0 4 2 1 1 1 22/37 25:20 5:49 2:27
Brendon Nash 0 0 0 1 0 1 0 3 0 0 0/0 9:36 0:00 0:00
Brett Sutter 0 0 0 0 4 0 2 1 0 0 4/6 15:07 4:56 0:45
Carl Hagelin 0 0 0 0 0 1 0 2 0 0 0/0 7:42 0:00 0:12
Chris Clark 0 0 0 0 0 3 0 0 0 0 1/2 19:05 6:21 1:02
Denis Hamel 0 0 0 0 2 3 0 2 0 1 5/8 20:31 6:09 1:22
Drew Larman 0 1 1 0 0 0 0 1 0 0 0/2 7:27 0:00 0:00
James Van Riemsdyk 1 2 3 0 2 1 3 1 0 1 1/2 19:55 4:56 1:03
John Zeiler 1 0 1 -1 0 3 0 1 0 0 4/4 14:56 4:56 1:02
Kenndal McArdle 0 0 0 -1 0 0 1 0 0 0 1/1 9:19 0:00 1:20
Kyle Turris 0 0 0 -1 2 1 0 0 0 0 2/7 8:23 0:01 0:15
Mattias Ohlund 0 0 0 0 0 6 2 3 0 1 0/0 29:25 7:08 2:55
Nick Johnson 0 1 1 0 0 4 0 0 0 0 0/0 8:19 0:13 0:00
Shawn Belle 1 0 1 1 0 1 0 3 0 0 0/0 9:51 0:00 0:00
T.J. Oshie 0 1 1 0 0 2 0 1 1 0 0/1 15:09 0:33 0:00
Wes O'Neill 0 0 0 -2 0 1 0 2 2 1 0/0 20:59 4:10 1:49
3 Stars
1 - Igor Radulov (Bro)
2 - Byron Ritchie (Bro)
3 - James Van Riemsdyk (STB)
Power Play
Gangsters - 1 on 3 Attempt(s) - 33,33%
Atomiques - 1 on 6 Attempt(s) - 16,67%
Penalty Kill
Gangsters - 5 on 6 Attempt(s) - 83,33%
- Score 0 goal in Penalty Kill
Atomiques - 2 on 3 Attempt(s) - 66,67%
- Score 0 goal in Penalty Kill
Official
Referees : Pollock Kevin and Charron Francis
Linesman : Don Henderson and Mike Cvik
Game Notes
Mike Brodeur enters game at 13:31 of 2nd period
Gangsters
5 vs 5 Forward
Center Left Wing Right Wing Time % Phy DF OF
1 Valtteri Filppula Jaroslav Balastik Tim Jackman 40 1 2 2
2 Dave Steckel Igor Radulov Ryan Keller 30 1 2 2
3 Byron Ritchie Chris Bourque Matt Read 20 1 2 2
4 Artem Anisimov Nick Foligno Ryan Jones 10 1 2 2
5 vs 5 Defense
Defense Defense Time % Phy DF OF
1 Cory Murphy Staffan Kronwall 40 1 2 2
2 Mike Commodore Ville Koistinen 30 1 2 2
3 Jim Vandermeer Shaun Heska 20 1 2 2
4 Cory Murphy Staffan Kronwall 10 1 2 2
PowerPlay Forward
Center Left Wing Right Wing Time % Phy DF OF
1 Valtteri Filppula Jaroslav Balastik Tim Jackman 60 1 2 2
2 Dave Steckel Igor Radulov Ryan Keller 40 1 2 2
PowerPlay Defense
Defense Defense Time % Phy DF OF
1 Cory Murphy Staffan Kronwall 60 1 2 2
2 Mike Commodore Ville Koistinen 40 1 2 2
Penalty Kill 4 Players Forward
Center Wing Time % Phy DF OF
1 Valtteri Filppula Dave Steckel 60 1 2 2
2 Jaroslav Balastik Byron Ritchie 40 1 2 2
Penalty Kill 4 Players Defense
Defense Defense Time % Phy DF OF
1 Cory Murphy Staffan Kronwall 60 1 2 2
2 Mike Commodore Ville Koistinen 40 1 2 2
Penalty Kill - 3 Players Forward
Forward Time % Phy DF OF
1 Valtteri Filppula 60 1 2 2
2 Dave Steckel 40 1 2 2
Penalty Kill - 3 Players Defense
Defense Defense Time % Phy DF OF
1 Cory Murphy Staffan Kronwall 60 1 2 2
2 Mike Commodore Ville Koistinen 40 1 2 2
4 vs 4 Forward
Center Wing Time % Phy DF OF
1 Valtteri Filppula Dave Steckel 60 1 2 2
2 Jaroslav Balastik Byron Ritchie 40 1 2 2
4 vs 4 Defense
Defense Defense Time % Phy DF OF
1 Cory Murphy Staffan Kronwall 60 1 2 2
2 Mike Commodore Ville Koistinen 40 1 2 2
Last Minutes Offensive
Center Left Wing Right Wing Defense Defense
Valtteri Filppula Jaroslav Balastik Tim Jackman Cory Murphy Staffan Kronwall
Last Minutes Defensive
Center Left Wing Right Wing Defense Defense
Valtteri Filppula Jaroslav Balastik Tim Jackman Cory Murphy Staffan Kronwall
Goaltenders
Starting : Steve Valiquette
Backup : David LeNeveu
Extra Forwards
Normal : Chris Bourque, Matt Read, Ryan Jones - PP : Chris Bourque, Matt Read - PK : Ryan Jones
Extra Defensemen
Normal : Jim Vandermeer, Shaun Heska, Mike Commodore - PP : Jim Vandermeer - PK : Shaun Heska, Mike Commodore
Penalty Shots
Valtteri Filppula, Dave Steckel, Jaroslav Balastik, Byron Ritchie, Tim Jackman
Atomiques
5 vs 5 Forward
Center Left Wing Right Wing Time % Phy DF OF
1 Boyd Gordon James Van Riemsdyk T.J. Oshie 40 1 2 2
2 Brett Sutter Denis Hamel Chris Clark 30 1 2 2
3 Kyle Turris Kenndal McArdle John Zeiler 20 1 2 2
4 Drew Larman Carl Hagelin Nick Johnson 10 1 2 2
5 vs 5 Defense
Defense Defense Time % Phy DF OF
1 Mattias Ohlund Andy Greene 40 1 2 2
2 Wes O'Neill Adam Pardy 30 1 2 2
3 Shawn Belle Brendon Nash 20 1 2 2
4 Mattias Ohlund Andy Greene 10 1 2 2
PowerPlay Forward
Center Left Wing Right Wing Time % Phy DF OF
1 Boyd Gordon Denis Hamel Chris Clark 60 1 2 2
2 Brett Sutter James Van Riemsdyk John Zeiler 40 1 2 2
PowerPlay Defense
Defense Defense Time % Phy DF OF
1 Mattias Ohlund Andy Greene 60 1 2 2
2 Wes O'Neill Adam Pardy 40 1 2 2
Penalty Kill 4 Players Forward
Center Wing Time % Phy DF OF
1 Denis Hamel Boyd Gordon 60 1 2 2
2 Chris Clark John Zeiler 40 1 2 2
Penalty Kill 4 Players Defense
Defense Defense Time % Phy DF OF
1 Mattias Ohlund Andy Greene 60 1 2 2
2 Wes O'Neill Adam Pardy 40 1 2 2
Penalty Kill - 3 Players Forward
Forward Time % Phy DF OF
1 Denis Hamel 60 1 2 2
2 Boyd Gordon 40 1 2 2
Penalty Kill - 3 Players Defense
Defense Defense Time % Phy DF OF
1 Mattias Ohlund Andy Greene 60 1 2 2
2 Wes O'Neill Adam Pardy 40 1 2 2
4 vs 4 Forward
Center Wing Time % Phy DF OF
1 Denis Hamel Boyd Gordon 60 1 2 2
2 Chris Clark John Zeiler 40 1 2 2
4 vs 4 Defense
Defense Defense Time % Phy DF OF
1 Mattias Ohlund Andy Greene 60 1 2 2
2 Wes O'Neill Adam Pardy 40 1 2 2
Last Minutes Offensive
Center Left Wing Right Wing Defense Defense
Boyd Gordon Denis Hamel Chris Clark Mattias Ohlund Andy Greene
Last Minutes Defensive
Center Left Wing Right Wing Defense Defense
Boyd Gordon Denis Hamel Chris Clark Mattias Ohlund Andy Greene
Goaltenders
Starting : Mark Dekanich
Backup : Mike Brodeur
Extra Forwards
Normal : T.J. Oshie, Nick Johnson, Kenndal McArdle - PP : T.J. Oshie, Nick Johnson - PK : Kenndal McArdle
Extra Defensemen
Normal : Shawn Belle, Brendon Nash, Wes O'Neill - PP : Shawn Belle - PK : Brendon Nash, Wes O'Neill
Penalty Shots
Denis Hamel, Boyd Gordon, Chris Clark, John Zeiler, T.J. Oshie
% Time on Ice - Gangsters
Lines # - Real PCT - Wanted PCT - Time Play
Normal Forward
1 - 36% - 40% - 14:24
2 - 24% - 30% - 9:25
3 - 22% - 20% - 8:48
4 - 18% - 10% - 7:23
Normal Defense
1 - 46% - 40% - 18:14
2 - 32% - 30% - 12:59
3 - 20% - 20% - 7:59
4 - 2% - 10% - 0:48
PP Forward
1 - 60% - 60% - 2:50
2 - 40% - 40% - 1:54
PP Defense
1 - 62% - 60% - 2:55
2 - 38% - 40% - 1:49
PK Forward
1 - 77% - 60% - 8:41
2 - 23% - 40% - 2:37
PK Defense
1 - 49% - 60% - 5:35
2 - 51% - 40% - 5:43
PK3 Forward
1 - 0% - 60%
2 - 0% - 40%
PK3 Defense
1 - 0% - 60%
2 - 0% - 40%
44 Forward
1 - 71% - 60% - 2:50
2 - 29% - 40% - 1:08
44 Defense
1 - 73% - 60% - 2:53
2 - 27% - 40% - 1:05
Last Minute Offensive - 0:00
Last Minute Defensive - 0:00
Total
Forward - 60:00
Defense - 60:00
|
% Time on Ice - Atomiques
Lines # - Real PCT - Wanted PCT - Time Play
Normal Forward
1 - 36% - 40% - 14:08
2 - 24% - 30% - 9:22
3 - 20% - 20% - 7:56
4 - 19% - 10% - 7:27
Normal Defense
1 - 40% - 40% - 15:22
2 - 34% - 30% - 13:04
3 - 25% - 20% - 9:36
4 - 2% - 10% - 0:51
PP Forward
1 - 56% - 60% - 6:22
2 - 44% - 40% - 4:56
PP Defense
1 - 63% - 60% - 7:08
2 - 37% - 40% - 4:10
PK Forward
1 - 78% - 60% - 3:42
2 - 22% - 40% - 1:02
PK Defense
1 - 62% - 60% - 2:55
2 - 38% - 40% - 1:49
PK3 Forward
1 - 0% - 60%
2 - 0% - 40%
PK3 Defense
1 - 0% - 60%
2 - 0% - 40%
44 Forward
1 - 68% - 60% - 2:41
2 - 32% - 40% - 1:17
44 Defense
1 - 51% - 60% - 2:02
2 - 49% - 40% - 1:56
Last Minute Offensive - 1:07
Last Minute Defensive - 0:00
Total
Forward - 60:00
Defense - 60:00
|
Play by Play
1st period
0:01 of 1st period - Boyd Gordon wins face-off versus Valtteri Filppula in neutral zone.
0:04 of 1st period - Slapshot by Mattias Ohlund.
0:04 of 1st period - Deflect By Boyd Gordon.
0:04 of 1st period - Shot Blocked by Cory Murphy.
0:04 of 1st period - Puck is out of play.
0:05 of 1st period - Boyd Gordon wins face-off versus Valtteri Filppula in Gangsters zone.
0:06 of 1st period - Slapshot by Mattias Ohlund.
0:06 of 1st period - Stopped by Steve Valiquette without a rebound.
0:07 of 1st period - Valtteri Filppula wins face-off versus Boyd Gordon in Gangsters zone.
0:18 of 1st period - Slapshot by Mattias Ohlund.
0:18 of 1st period - Shot Misses the Net.
0:32 of 1st period - Wrist shot by Tim Jackman.
0:32 of 1st period - Deflect By Dave Steckel.
0:32 of 1st period - Stopped by Mark Dekanich with a rebound.
0:40 of 1st period - Wrist shot by Mattias Ohlund.
0:40 of 1st period - Stopped by Steve Valiquette with a rebound.
0:42 of 1st period - Wrist shot by Chris Clark.
0:42 of 1st period - Stopped by Steve Valiquette with a rebound.
1:20 of 1st period - Snap shot by Artem Anisimov.
1:20 of 1st period - Shot Misses the Net.
1:35 of 1st period - Minor Penalty to Valtteri Filppula for Slashing.
1:36 of 1st period - Boyd Gordon wins face-off versus Ryan Jones in Gangsters zone.
1:37 of 1st period - Snap shot by Chris Clark.
1:37 of 1st period - Shot Hit the Post.
1:39 of 1st period - Slapshot by Mattias Ohlund.
1:39 of 1st period - Deflect By Boyd Gordon.
1:39 of 1st period - Shot Blocked by Dave Steckel.
1:39 of 1st period - Puck is out of play.
1:40 of 1st period - Boyd Gordon wins face-off versus Ryan Jones in Gangsters zone.
1:47 of 1st period - Wrist shot by Denis Hamel.
1:47 of 1st period - Shot Misses the Net.
1:51 of 1st period - Snap shot by Denis Hamel.
1:51 of 1st period - Shot Misses the Net.
2:15 of 1st period - Wrist shot by Mattias Ohlund.
2:15 of 1st period - Shot Blocked by Mike Commodore.
2:43 of 1st period - Snap shot by Byron Ritchie.
2:43 of 1st period - Shot Blocked by Adam Pardy.
3:35 of 1st period - Penalty to Valtteri Filppula is over, Valtteri Filppula is back on ice.
4:21 of 1st period - Boyd Gordon is hit by Ryan Jones and loses puck.
4:32 of 1st period - Wrist shot by Igor Radulov.
4:32 of 1st period - Shot Blocked by Brendon Nash.
4:34 of 1st period - Slapshot by Jim Vandermeer.
4:34 of 1st period - Deflect By Dave Steckel.
4:34 of 1st period - Shot Blocked by Carl Hagelin.
4:34 of 1st period - Puck is out of play.
4:35 of 1st period - Dave Steckel wins face-off versus Drew Larman in Atomiques zone.
5:02 of 1st period - Snap shot by Valtteri Filppula.
5:02 of 1st period - Shot Misses the Net.
6:54 of 1st period - Wrist shot by Artem Anisimov.
6:54 of 1st period - Shot Hit the Post.
7:26 of 1st period - Wrist shot by Igor Radulov.
7:26 of 1st period - Goal by Igor Radulov - Gangsters : 1 - Atomiques : 0.
7:27 of 1st period - Jaroslav Balastik wins face-off versus Boyd Gordon in neutral zone.
7:58 of 1st period - Wrist shot by Denis Hamel.
7:58 of 1st period - Stopped by Steve Valiquette without a rebound.
7:59 of 1st period - Brett Sutter wins face-off versus Byron Ritchie in Gangsters zone.
8:29 of 1st period - Wrist shot by Chris Bourque.
8:29 of 1st period - Stopped by Mark Dekanich with a rebound.
8:30 of 1st period - Minor Penalty to Kyle Turris for Diving.
8:31 of 1st period - Denis Hamel wins face-off versus Valtteri Filppula in Atomiques zone.
8:31 of 1st period - Denis Hamel is hit by Tim Jackman.
9:48 of 1st period - Tim Jackman is hit by Andy Greene and loses puck.
10:30 of 1st period - Penalty to Kyle Turris is over, Kyle Turris is back on ice.
10:47 of 1st period - Slapshot by Adam Pardy.
10:47 of 1st period - Deflect By Carl Hagelin.
10:47 of 1st period - Stopped by Steve Valiquette with a rebound.
10:51 of 1st period - Snap shot by Nick Johnson.
10:51 of 1st period - Stopped by Steve Valiquette without a rebound.
10:52 of 1st period - Byron Ritchie wins face-off versus Kyle Turris in Gangsters zone.
11:35 of 1st period - Snap shot by Nick Johnson.
11:35 of 1st period - Stopped by Steve Valiquette with a rebound.
11:59 of 1st period - Wrist shot by Dave Steckel.
11:59 of 1st period - Shot Misses the Net.
12:01 of 1st period - Snap shot by Ryan Keller.
12:01 of 1st period - Shot Blocked by Brendon Nash.
12:03 of 1st period - Wrist shot by Igor Radulov.
12:03 of 1st period - Shot Misses the Net.
12:05 of 1st period - Wrist shot by Igor Radulov.
12:05 of 1st period - Shot Blocked by Shawn Belle.
12:07 of 1st period - Slapshot by Dave Steckel.
12:07 of 1st period - Shot Blocked by Brendon Nash.
12:09 of 1st period - Wrist shot by Dave Steckel.
12:09 of 1st period - Shot Blocked by Shawn Belle.
12:11 of 1st period - Snap shot by Dave Steckel.
12:11 of 1st period - Stopped by Mark Dekanich without a rebound.
12:12 of 1st period - Boyd Gordon wins face-off versus Valtteri Filppula in Atomiques zone.
12:37 of 1st period - Andy Greene is hit by Byron Ritchie and loses puck.
13:04 of 1st period - Slapshot by Mattias Ohlund.
13:04 of 1st period - Stopped by Steve Valiquette without a rebound.
13:05 of 1st period - Kyle Turris wins face-off versus Valtteri Filppula in Gangsters zone.
13:12 of 1st period - Wrist shot by John Zeiler.
13:12 of 1st period - Deflect By Kenndal McArdle.
13:12 of 1st period - Shot Misses the Net.
13:12 of 1st period - Puck is out of play.
13:13 of 1st period - Valtteri Filppula wins face-off versus Boyd Gordon in Gangsters zone.
13:18 of 1st period - Wrist shot by Valtteri Filppula.
13:18 of 1st period - Shot Blocked by James Van Riemsdyk.
13:25 of 1st period - Off-side.
13:26 of 1st period - Boyd Gordon wins face-off versus Valtteri Filppula in neutral zone.
14:00 of 1st period - Slapshot by Denis Hamel.
14:00 of 1st period - Stopped by Steve Valiquette with a rebound.
14:02 of 1st period - Wrist shot by Chris Clark.
14:02 of 1st period - Stopped by Steve Valiquette without a rebound.
14:03 of 1st period - Boyd Gordon wins face-off versus Valtteri Filppula in Gangsters zone.
14:06 of 1st period - Snap shot by James Van Riemsdyk.
14:06 of 1st period - Shot Hit the Post.
14:08 of 1st period - Slapshot by Mattias Ohlund.
14:08 of 1st period - Shot Misses the Net.
14:10 of 1st period - Slapshot by Mattias Ohlund.
14:10 of 1st period - Stopped by Steve Valiquette without a rebound.
14:11 of 1st period - Valtteri Filppula wins face-off versus Boyd Gordon in Gangsters zone.
14:56 of 1st period - Mattias Ohlund is hit by Chris Bourque and loses puck.
15:03 of 1st period - Snap shot by Byron Ritchie.
15:03 of 1st period - Deflect By Matt Read.
15:03 of 1st period - Shot Blocked by John Zeiler.
15:03 of 1st period - Puck is out of play.
15:04 of 1st period - Boyd Gordon wins face-off versus Valtteri Filppula in Atomiques zone.
15:09 of 1st period - Staffan Kronwall is hit by Boyd Gordon and loses puck.
15:54 of 1st period - Wrist shot by Boyd Gordon.
15:54 of 1st period - Shot Misses the Net.
16:02 of 1st period - Wes O'Neill is hit by Byron Ritchie and loses puck.
16:13 of 1st period - Snap shot by Chris Bourque.
16:13 of 1st period - Shot Misses the Net.
16:15 of 1st period - Wrist shot by Chris Bourque.
16:15 of 1st period - Shot Misses the Net.
16:33 of 1st period - Wrist shot by Chris Bourque.
16:33 of 1st period - Stopped by Mark Dekanich without a rebound.
16:34 of 1st period - Brett Sutter wins face-off versus Valtteri Filppula in Atomiques zone.
16:41 of 1st period - Wrist shot by Denis Hamel.
16:41 of 1st period - Shot Misses the Net.
16:47 of 1st period - Denis Hamel is hit by Ville Koistinen and loses puck.
16:57 of 1st period - Icing by Mattias Ohlund.
16:58 of 1st period - Dave Steckel wins face-off versus Kyle Turris in Atomiques zone.
18:30 of 1st period - Snap shot by Ryan Keller.
18:30 of 1st period - Shot Misses the Net.
18:56 of 1st period - Slapshot by Byron Ritchie.
18:56 of 1st period - Shot Misses the Net.
18:58 of 1st period - Snap shot by Byron Ritchie.
18:58 of 1st period - Goal by Byron Ritchie - Gangsters : 2 - Atomiques : 0.
18:59 of 1st period - Boyd Gordon wins face-off versus Valtteri Filppula in neutral zone.
18:59 of 1st period - Minor Penalty to James Van Riemsdyk for Cross-checking.
18:59 of 1st period - Minor Penalty to Jaroslav Balastik for Hooking.
19:00 of 1st period - Denis Hamel wins face-off versus Valtteri Filppula in neutral zone.
19:02 of 1st period - Off-side.
19:03 of 1st period - Valtteri Filppula wins face-off versus Denis Hamel in neutral zone.
19:08 of 1st period - Slapshot by Valtteri Filppula.
19:08 of 1st period - Shot Misses the Net.
2nd period
0:01 of 2nd period - Denis Hamel wins face-off versus Valtteri Filppula in neutral zone.
0:59 of 2nd period - Penalty to James Van Riemsdyk is over, James Van Riemsdyk is back on ice.
0:59 of 2nd period - Penalty to Jaroslav Balastik is over, Jaroslav Balastik is back on ice.
1:10 of 2nd period - Snap shot by Ryan Jones.
1:10 of 2nd period - Stopped by Mark Dekanich without a rebound.
1:11 of 2nd period - John Zeiler wins face-off versus Byron Ritchie in Atomiques zone.
1:16 of 2nd period - Wrist shot by John Zeiler.
1:16 of 2nd period - Stopped by Steve Valiquette without a rebound.
1:17 of 2nd period - Kyle Turris wins face-off versus Byron Ritchie in Gangsters zone.
1:27 of 2nd period - Slapshot by Chris Bourque.
1:27 of 2nd period - Stopped by Mark Dekanich without a rebound.
1:28 of 2nd period - Boyd Gordon wins face-off versus Valtteri Filppula in Atomiques zone.
1:33 of 2nd period - Cory Murphy is hit by Boyd Gordon and loses puck.
1:59 of 2nd period - Chris Clark is hit by Staffan Kronwall and loses puck.
3:12 of 2nd period - Snap shot by Brett Sutter.
3:12 of 2nd period - Shot Blocked by Shaun Heska.
3:40 of 2nd period - Wrist shot by Matt Read.
3:40 of 2nd period - Shot Blocked by Wes O'Neill.
3:42 of 2nd period - Slapshot by Cory Murphy.
3:42 of 2nd period - Stopped by Mark Dekanich with a rebound.
3:58 of 2nd period - Snap shot by Boyd Gordon.
3:58 of 2nd period - Shot Misses the Net.
4:09 of 2nd period - Cory Murphy is hit by James Van Riemsdyk and loses puck.
4:16 of 2nd period - Slapshot by Staffan Kronwall.
4:16 of 2nd period - Shot Blocked by Wes O'Neill.
4:18 of 2nd period - Slapshot by Nick Foligno.
4:18 of 2nd period - Shot Misses the Net.
4:20 of 2nd period - Slapshot by Staffan Kronwall.
4:20 of 2nd period - Stopped by Mark Dekanich without a rebound.
4:21 of 2nd period - Valtteri Filppula wins face-off versus Kyle Turris in Atomiques zone.
4:24 of 2nd period - Snap shot by Valtteri Filppula.
4:24 of 2nd period - Shot Blocked by Andy Greene.
4:26 of 2nd period - Snap shot by Valtteri Filppula.
4:26 of 2nd period - Shot Misses the Net.
4:28 of 2nd period - Slapshot by Ville Koistinen.
4:28 of 2nd period - Stopped by Mark Dekanich without a rebound.
4:29 of 2nd period - Valtteri Filppula wins face-off versus Boyd Gordon in Atomiques zone.
4:35 of 2nd period - Icing by Andy Greene.
4:36 of 2nd period - Boyd Gordon wins face-off versus Valtteri Filppula in Atomiques zone.
4:47 of 2nd period - Slapshot by T.J. Oshie.
4:47 of 2nd period - Shot Blocked by Tim Jackman.
4:49 of 2nd period - Slapshot by Mattias Ohlund.
4:49 of 2nd period - Shot Misses the Net.
4:51 of 2nd period - Snap shot by T.J. Oshie.
4:51 of 2nd period - Stopped by Steve Valiquette with a rebound.
5:28 of 2nd period - Slapshot by Cory Murphy.
5:28 of 2nd period - Shot Blocked by Brett Sutter.
5:30 of 2nd period - Snap shot by Byron Ritchie.
5:30 of 2nd period - Deflect By Matt Read.
5:30 of 2nd period - Stopped by Mark Dekanich with a rebound.
5:34 of 2nd period - Slapshot by Chris Bourque.
5:34 of 2nd period - Stopped by Mark Dekanich without a rebound.
5:35 of 2nd period - Byron Ritchie wins face-off versus Boyd Gordon in Atomiques zone.
5:36 of 2nd period - Snap shot by Chris Bourque.
5:36 of 2nd period - Goal by Chris Bourque - Gangsters : 3 - Atomiques : 0.
5:37 of 2nd period - Valtteri Filppula wins face-off versus Boyd Gordon in neutral zone.
5:42 of 2nd period - Snap shot by Mike Commodore.
5:42 of 2nd period - Shot Misses the Net.
5:44 of 2nd period - Wrist shot by Ville Koistinen.
5:44 of 2nd period - Deflect By Valtteri Filppula.
5:44 of 2nd period - Shot Misses the Net.
5:44 of 2nd period - Puck is out of play.
5:45 of 2nd period - Valtteri Filppula wins face-off versus Boyd Gordon in Atomiques zone.
5:46 of 2nd period - Snap shot by Jaroslav Balastik.
5:46 of 2nd period - Stopped by Mark Dekanich with a rebound.
5:48 of 2nd period - Wrist shot by Tim Jackman.
5:48 of 2nd period - Shot Blocked by Mattias Ohlund.
6:05 of 2nd period - Minor Penalty to Denis Hamel for Hooking.
6:06 of 2nd period - Kenndal McArdle wins face-off versus Valtteri Filppula in Atomiques zone.
8:05 of 2nd period - Penalty to Denis Hamel is over, Denis Hamel is back on ice.
8:17 of 2nd period - Snap shot by Nick Johnson.
8:17 of 2nd period - Stopped by Steve Valiquette without a rebound.
8:18 of 2nd period - Byron Ritchie wins face-off versus Drew Larman in Gangsters zone.
8:25 of 2nd period - Wrist shot by Chris Bourque.
8:25 of 2nd period - Shot Blocked by Carl Hagelin.
8:27 of 2nd period - Snap shot by Chris Bourque.
8:27 of 2nd period - Shot Misses the Net.
8:29 of 2nd period - Snap shot by Chris Bourque.
8:29 of 2nd period - Shot Misses the Net.
8:31 of 2nd period - Wrist shot by Chris Bourque.
8:31 of 2nd period - Stopped by Mark Dekanich with a rebound.
8:33 of 2nd period - Slapshot by Chris Bourque.
8:33 of 2nd period - Stopped by Mark Dekanich with a rebound.
8:43 of 2nd period - Shawn Belle is hit by Ryan Jones and loses puck.
9:00 of 2nd period - Backhand shot by Nick Johnson.
9:00 of 2nd period - Stopped by Steve Valiquette with a rebound.
9:02 of 2nd period - Slapshot by Wes O'Neill.
9:02 of 2nd period - Stopped by Steve Valiquette with a rebound.
9:04 of 2nd period - Slapshot by Adam Pardy.
9:04 of 2nd period - Stopped by Steve Valiquette with a rebound.
9:06 of 2nd period - Wrist shot by Wes O'Neill.
9:06 of 2nd period - Shot Misses the Net.
9:08 of 2nd period - Slapshot by Wes O'Neill.
9:08 of 2nd period - Shot Blocked by Jim Vandermeer.
9:10 of 2nd period - Snap shot by Andy Greene.
9:10 of 2nd period - Shot Blocked by Jim Vandermeer.
9:30 of 2nd period - Snap shot by Valtteri Filppula.
9:30 of 2nd period - Shot Blocked by Boyd Gordon.
9:32 of 2nd period - Snap shot by Tim Jackman.
9:32 of 2nd period - Shot Misses the Net.
9:57 of 2nd period - Shawn Belle is hit by Byron Ritchie and loses puck.
10:16 of 2nd period - Off-side.
10:17 of 2nd period - James Van Riemsdyk wins face-off versus Jaroslav Balastik in neutral zone.
10:20 of 2nd period - Backhand shot by Mattias Ohlund.
10:20 of 2nd period - Stopped by Steve Valiquette with a rebound.
10:48 of 2nd period - Minor Penalty to Dave Steckel for Roughing.
10:49 of 2nd period - Valtteri Filppula wins face-off versus Boyd Gordon in Gangsters zone.
10:55 of 2nd period - Icing by Boyd Gordon.
10:56 of 2nd period - Boyd Gordon wins face-off versus Valtteri Filppula in Atomiques zone.
11:01 of 2nd period - Slapshot by Andy Greene.
11:01 of 2nd period - Stopped by Steve Valiquette with a rebound.
11:03 of 2nd period - Wrist shot by Denis Hamel.
11:03 of 2nd period - Shot Blocked by Ryan Jones.
11:05 of 2nd period - Slapshot by Denis Hamel.
11:05 of 2nd period - Deflect By Valtteri Filppula.
11:05 of 2nd period - Shot Misses the Net.
11:05 of 2nd period - Puck is out of play.
11:06 of 2nd period - Boyd Gordon wins face-off versus Valtteri Filppula in Gangsters zone.
12:48 of 2nd period - Penalty to Dave Steckel is over, Dave Steckel is back on ice.
13:16 of 2nd period - Valtteri Filppula is hit by Kenndal McArdle and loses puck.
13:31 of 2nd period - Wrist shot by Igor Radulov.
13:31 of 2nd period - Goal by Igor Radulov - Gangsters : 4 - Atomiques : 0.
13:31 of 2nd period - Mike Brodeur enters game.
13:32 of 2nd period - Brett Sutter wins face-off versus Dave Steckel in neutral zone.
13:37 of 2nd period - Dave Steckel is hit by Andy Greene and loses puck.
14:07 of 2nd period - Snap shot by Tim Jackman.
14:07 of 2nd period - Shot Blocked by Mattias Ohlund.
14:09 of 2nd period - Snap shot by Valtteri Filppula.
14:09 of 2nd period - Stopped by Mike Brodeur with a rebound.
14:11 of 2nd period - Wrist shot by Staffan Kronwall.
14:11 of 2nd period - Shot Misses the Net.
14:13 of 2nd period - Slapshot by Cory Murphy.
14:13 of 2nd period - Stopped by Mike Brodeur without a rebound.
14:14 of 2nd period - Valtteri Filppula wins face-off versus Kyle Turris in Atomiques zone.
14:23 of 2nd period - Wrist shot by Valtteri Filppula.
14:23 of 2nd period - Stopped by Mike Brodeur with a rebound.
14:25 of 2nd period - Wrist shot by Tim Jackman.
14:25 of 2nd period - Shot Misses the Net.
14:46 of 2nd period - Wrist shot by Boyd Gordon.
14:46 of 2nd period - Stopped by Steve Valiquette without a rebound.
14:47 of 2nd period - Boyd Gordon wins face-off versus Valtteri Filppula in Gangsters zone.
14:50 of 2nd period - Wrist shot by T.J. Oshie.
14:50 of 2nd period - Shot Misses the Net.
14:52 of 2nd period - Wrist shot by T.J. Oshie.
14:52 of 2nd period - Shot Misses the Net.
14:54 of 2nd period - Slapshot by Mattias Ohlund.
14:54 of 2nd period - Shot Misses the Net.
14:56 of 2nd period - Slapshot by T.J. Oshie.
14:56 of 2nd period - Stopped by Steve Valiquette with a rebound.
14:58 of 2nd period - Slapshot by James Van Riemsdyk.
14:58 of 2nd period - Shot Blocked by Tim Jackman.
15:00 of 2nd period - Snap shot by Boyd Gordon.
15:00 of 2nd period - Goal by Boyd Gordon - Gangsters : 4 - Atomiques : 1.
15:01 of 2nd period - Boyd Gordon wins face-off versus Valtteri Filppula in neutral zone.
15:09 of 2nd period - Wrist shot by Boyd Gordon.
15:09 of 2nd period - Shot Misses the Net.
15:11 of 2nd period - Snap shot by James Van Riemsdyk.
15:11 of 2nd period - Goal by James Van Riemsdyk - Gangsters : 4 - Atomiques : 2.
15:12 of 2nd period - Boyd Gordon wins face-off versus Jaroslav Balastik in neutral zone.
15:15 of 2nd period - Tim Jackman is hit by James Van Riemsdyk and loses puck.
15:24 of 2nd period - Slapshot by Cory Murphy.
15:24 of 2nd period - Deflect By Valtteri Filppula.
15:24 of 2nd period - Shot Blocked by Andy Greene.
15:24 of 2nd period - Puck is out of play.
15:25 of 2nd period - Boyd Gordon wins face-off versus Valtteri Filppula in Atomiques zone.
16:11 of 2nd period - Snap shot by Mattias Ohlund.
16:11 of 2nd period - Stopped by Steve Valiquette with a rebound.
16:21 of 2nd period - John Zeiler is hit by Chris Bourque and loses puck.
16:40 of 2nd period - Wrist shot by Mattias Ohlund.
16:40 of 2nd period - Shot Misses the Net.
17:00 of 2nd period - Backhand shot by Andy Greene.
17:00 of 2nd period - Shot Misses the Net.
17:02 of 2nd period - Snap shot by Drew Larman.
17:02 of 2nd period - Shot Blocked by Valtteri Filppula.
17:16 of 2nd period - Adam Pardy is hit by Igor Radulov and loses puck.
17:23 of 2nd period - Snap shot by Igor Radulov.
17:23 of 2nd period - Shot Misses the Net.
17:46 of 2nd period - Minor Penalty to Brett Sutter for Elbowing.
17:46 of 2nd period - Minor Penalty to Chris Bourque for Roughing.
17:47 of 2nd period - Denis Hamel wins face-off versus Valtteri Filppula in neutral zone.
17:50 of 2nd period - Slapshot by Denis Hamel.
17:50 of 2nd period - Shot Blocked by Staffan Kronwall.
19:08 of 2nd period - Wrist shot by Ryan Jones.
19:08 of 2nd period - Shot Blocked by Andy Greene.
19:46 of 2nd period - Penalty to Brett Sutter is over, Brett Sutter is back on ice.
19:46 of 2nd period - Penalty to Chris Bourque is over, Chris Bourque is back on ice.
19:51 of 2nd period - Off-side.
19:52 of 2nd period - John Zeiler wins face-off versus Artem Anisimov in neutral zone.
19:52 of 2nd period - Kenndal McArdle is hit by Shaun Heska.
3rd period
0:01 of 3rd period - Valtteri Filppula wins face-off versus James Van Riemsdyk in neutral zone.
0:26 of 3rd period - Cory Murphy is hit by Brett Sutter and loses puck.
0:32 of 3rd period - Minor Penalty to Dave Steckel for Hooking.
0:33 of 3rd period - Boyd Gordon wins face-off versus Valtteri Filppula in Gangsters zone.
1:09 of 3rd period - Valtteri Filppula is hit by Andy Greene and loses puck.
2:32 of 3rd period - Penalty to Dave Steckel is over, Dave Steckel is back on ice.
2:37 of 3rd period - Valtteri Filppula is hit by Adam Pardy and loses puck.
2:42 of 3rd period - Slapshot by Brendon Nash.
2:42 of 3rd period - Deflect By Mike Commodore.
2:42 of 3rd period - Stopped by Steve Valiquette with a rebound.
2:44 of 3rd period - Slapshot by Nick Johnson.
2:44 of 3rd period - Shot Blocked by Dave Steckel.
2:46 of 3rd period - Slapshot by Nick Johnson.
2:46 of 3rd period - Shot Misses the Net.
3:03 of 3rd period - Minor Penalty to Nick Foligno for Slashing.
3:04 of 3rd period - Boyd Gordon wins face-off versus Valtteri Filppula in Gangsters zone.
3:05 of 3rd period - Wrist shot by Denis Hamel.
3:05 of 3rd period - Deflect By Staffan Kronwall.
3:05 of 3rd period - Stopped by Steve Valiquette with a rebound.
3:07 of 3rd period - Slapshot by Denis Hamel.
3:07 of 3rd period - Shot Misses the Net.
3:09 of 3rd period - Wrist shot by Chris Clark.
3:09 of 3rd period - Shot Blocked by Staffan Kronwall.
3:29 of 3rd period - Slapshot by Byron Ritchie.
3:29 of 3rd period - Shot Misses the Net.
3:31 of 3rd period - Snap shot by Jaroslav Balastik.
3:31 of 3rd period - Shot Misses the Net.
4:41 of 3rd period - T.J. Oshie is hit by Ryan Jones and loses puck.
5:03 of 3rd period - Penalty to Nick Foligno is over, Nick Foligno is back on ice.
5:13 of 3rd period - Valtteri Filppula is hit by Mattias Ohlund and loses puck.
6:12 of 3rd period - Snap shot by Dave Steckel.
6:12 of 3rd period - Shot Blocked by Drew Larman.
6:14 of 3rd period - Slapshot by Cory Murphy.
6:14 of 3rd period - Stopped by Mike Brodeur without a rebound.
6:15 of 3rd period - Boyd Gordon wins face-off versus Byron Ritchie in Atomiques zone.
6:47 of 3rd period - Minor Penalty to Chris Bourque for Tripping.
6:48 of 3rd period - Jaroslav Balastik wins face-off versus Denis Hamel in Gangsters zone.
7:01 of 3rd period - Wrist shot by Andy Greene.
7:01 of 3rd period - Shot Misses the Net.
7:16 of 3rd period - Off-side.
7:17 of 3rd period - John Zeiler wins face-off versus Jaroslav Balastik in neutral zone.
7:40 of 3rd period - Slapshot by Boyd Gordon.
7:40 of 3rd period - Stopped by Steve Valiquette with a rebound.
7:52 of 3rd period - Wrist shot by John Zeiler.
7:52 of 3rd period - Stopped by Steve Valiquette with a rebound.
7:54 of 3rd period - Slapshot by Brett Sutter.
7:54 of 3rd period - Shot Misses the Net.
7:56 of 3rd period - Slapshot by Wes O'Neill.
7:56 of 3rd period - Deflect By John Zeiler.
7:56 of 3rd period - Shot Misses the Net.
7:56 of 3rd period - Puck is out of play.
7:57 of 3rd period - Brett Sutter wins face-off versus Valtteri Filppula in Gangsters zone.
8:10 of 3rd period - Slapshot by John Zeiler.
8:10 of 3rd period - Goal by John Zeiler - Gangsters : 4 - Atomiques : 3.
8:11 of 3rd period - Valtteri Filppula wins face-off versus Boyd Gordon in neutral zone.
8:37 of 3rd period - Brett Sutter is hit by Dave Steckel and loses puck.
9:51 of 3rd period - Snap shot by Nick Johnson.
9:51 of 3rd period - Shot Misses the Net.
9:53 of 3rd period - Wrist shot by Drew Larman.
9:53 of 3rd period - Shot Blocked by Shaun Heska.
9:55 of 3rd period - Wrist shot by Shawn Belle.
9:55 of 3rd period - Goal by Shawn Belle - Gangsters : 4 - Atomiques : 4.
9:56 of 3rd period - Valtteri Filppula wins face-off versus Boyd Gordon in neutral zone.
10:00 of 3rd period - Off-side.
10:01 of 3rd period - Valtteri Filppula wins face-off versus Boyd Gordon in neutral zone.
10:08 of 3rd period - Wrist shot by Jaroslav Balastik.
10:08 of 3rd period - Shot Blocked by T.J. Oshie.
10:34 of 3rd period - Snap shot by John Zeiler.
10:34 of 3rd period - Shot Misses the Net.
10:36 of 3rd period - Slapshot by Andy Greene.
10:36 of 3rd period - Deflect By John Zeiler.
10:36 of 3rd period - Shot Misses the Net.
10:36 of 3rd period - Puck is out of play.
10:37 of 3rd period - Dave Steckel wins face-off versus Boyd Gordon in Gangsters zone.
11:02 of 3rd period - Mike Commodore is hit by Brett Sutter and loses puck.
11:13 of 3rd period - Snap shot by Chris Clark.
11:13 of 3rd period - Shot Blocked by Byron Ritchie.
11:24 of 3rd period - Off-side.
11:25 of 3rd period - John Zeiler wins face-off versus Artem Anisimov in neutral zone.
11:31 of 3rd period - Snap shot by Kyle Turris.
11:31 of 3rd period - Stopped by Steve Valiquette without a rebound.
11:32 of 3rd period - Valtteri Filppula wins face-off versus T.J. Oshie in Gangsters zone.
11:37 of 3rd period - Andy Greene is hit by Valtteri Filppula and loses puck.
11:46 of 3rd period - Snap shot by Valtteri Filppula.
11:46 of 3rd period - Shot Blocked by Andy Greene.
11:48 of 3rd period - Slapshot by Valtteri Filppula.
11:48 of 3rd period - Shot Blocked by Mattias Ohlund.
11:55 of 3rd period - Icing by James Van Riemsdyk.
11:56 of 3rd period - Dave Steckel wins face-off versus Boyd Gordon in Atomiques zone.
12:13 of 3rd period - Slapshot by Andy Greene.
12:13 of 3rd period - Stopped by Steve Valiquette without a rebound.
12:14 of 3rd period - Valtteri Filppula wins face-off versus Brett Sutter in Gangsters zone.
12:22 of 3rd period - Minor Penalty to Brett Sutter for Boarding.
12:23 of 3rd period - Denis Hamel wins face-off versus Valtteri Filppula in Atomiques zone.
12:38 of 3rd period - Denis Hamel is hit by Tim Jackman.
12:52 of 3rd period - Slapshot by Cory Murphy.
12:52 of 3rd period - Shot Blocked by Andy Greene.
12:54 of 3rd period - Wrist shot by Staffan Kronwall.
12:54 of 3rd period - Deflect By Ryan Keller.
12:54 of 3rd period - Stopped by Mike Brodeur without a rebound.
12:55 of 3rd period - Tim Jackman wins face-off versus Chris Clark in Atomiques zone.
12:56 of 3rd period - Snap shot by Jaroslav Balastik.
12:56 of 3rd period - Deflect By Valtteri Filppula.
12:56 of 3rd period - Stopped by Mike Brodeur with a rebound.
12:58 of 3rd period - Slapshot by Mike Commodore.
12:58 of 3rd period - Shot Blocked by Adam Pardy.
13:00 of 3rd period - Slapshot by Jaroslav Balastik.
13:00 of 3rd period - Deflect By Valtteri Filppula.
13:00 of 3rd period - Stopped by Mike Brodeur with a rebound.
13:06 of 3rd period - Wrist shot by Valtteri Filppula.
13:06 of 3rd period - Stopped by Mike Brodeur with a rebound.
13:08 of 3rd period - Snap shot by Valtteri Filppula.
13:08 of 3rd period - Goal by Valtteri Filppula - Gangsters : 5 - Atomiques : 4.
13:09 of 3rd period - Valtteri Filppula wins face-off versus Boyd Gordon in neutral zone.
13:44 of 3rd period - Slapshot by Cory Murphy.
13:44 of 3rd period - Stopped by Mike Brodeur without a rebound.
13:45 of 3rd period - Valtteri Filppula wins face-off versus Denis Hamel in Atomiques zone.
13:50 of 3rd period - Wrist shot by Jaroslav Balastik.
13:50 of 3rd period - Stopped by Mike Brodeur without a rebound.
13:51 of 3rd period - Valtteri Filppula wins face-off versus Brett Sutter in Atomiques zone.
13:51 of 3rd period - Minor Penalty to Ville Koistinen for Roughing.
13:52 of 3rd period - Boyd Gordon wins face-off versus Valtteri Filppula in Gangsters zone.
14:09 of 3rd period - Valtteri Filppula is hit by Mattias Ohlund and loses puck.
15:28 of 3rd period - Cory Murphy is hit by James Van Riemsdyk and loses puck.
15:44 of 3rd period - Off-side.
15:45 of 3rd period - Chris Clark wins face-off versus Jaroslav Balastik in neutral zone.
15:49 of 3rd period - Wrist shot by T.J. Oshie.
15:49 of 3rd period - Shot Misses the Net.
15:51 of 3rd period - Penalty to Ville Koistinen is over, Ville Koistinen is back on ice.
16:19 of 3rd period - Drew Larman is hit by Jim Vandermeer and loses puck.
17:41 of 3rd period - Boyd Gordon is hit by Ryan Jones and loses puck.
17:57 of 3rd period - Icing by Byron Ritchie.
17:58 of 3rd period - Byron Ritchie wins face-off versus Kyle Turris in Gangsters zone.
18:46 of 3rd period - Slapshot by Staffan Kronwall.
18:46 of 3rd period - Stopped by Mike Brodeur with a rebound.
18:48 of 3rd period - Wrist shot by Staffan Kronwall.
18:48 of 3rd period - Shot Blocked by Denis Hamel.
18:50 of 3rd period - Slapshot by Staffan Kronwall.
18:50 of 3rd period - Shot Blocked by Shawn Belle.
18:52 of 3rd period - Wrist shot by Ryan Jones.
18:52 of 3rd period - Stopped by Mike Brodeur without a rebound.
18:53 of 3rd period - Cory Clouston call a timeout for Atomiques.
18:53 of 3rd period - Boyd Gordon wins face-off versus Artem Anisimov in Atomiques zone.
18:58 of 3rd period - Snap shot by Boyd Gordon.
18:58 of 3rd period - Stopped by Steve Valiquette with a rebound.
19:06 of 3rd period - Atomiques, Mike Brodeur is pulled from the net.
19:18 of 3rd period - Wrist shot by Ryan Jones.
19:18 of 3rd period - Shot Blocked by Denis Hamel.
19:28 of 3rd period - Slapshot by Chris Clark.
19:28 of 3rd period - Stopped by Steve Valiquette with a rebound.
19:58 of 3rd period - Wrist shot by Chris Clark.
19:58 of 3rd period - Shot Misses the Net.
Output by the SimonT Hockey Simulator (STHS) for François Prévost -- Original Page W3C XHTML 1.0 Valid